 Dungeon Crawl Stone Soup version 0.13-a0-2527-g93fcdc4 (webtiles) character file.

317 Rycklaryybbe the Insei (level 4, -1/35 HPs)
             Began as a Demigod Transmuter on July 25, 2013.
             Slain by a worker ant (7 damage)
             ... on Level 4 of the Dungeon.
             The game lasted 00:09:20 (4119 turns).

Rycklaryybbe the Insei (Demigod Transmuter)         Turns: 4119, Time: 00:09:20

HP  -1/35        AC  4     Str 14      XL: 4   Next: 89%
MP   9/9         EV 11     Int 17      God:
Gold 163         SH  9     Dex 18      Spells:  1 memorised,  5 levels left

Res.Fire  : . . .   See Invis. : .     - Unarmed
Res.Cold  : . . .   Warding    : .   c - +0 robe
Life Prot.: . . .   Conserve   : .   l - +1 dwarf buckler
Res.Poison: +       Res.Corr.  : .   (no helmet)
Res.Elec. : .       Clarity    : .   (no cloak)
Sust.Abil.: . .     Spirit.Shd : .   (no gloves)
Res.Mut.  : .       Stasis     : .   (no boots)
Res.Rott. : .       Flight     : .   (no amulet)
Saprovore : . . .                    p - cursed +2 ring of protection
                                     z - ring of poison resistance {unknown}

@: very slightly contaminated, slightly resistant to hostile enchantments,
unstealthy
A: no striking features
a: no special abilities


You were on level 4 of the Dungeon.
You were very hungry.

You visited 1 branch of the dungeon, and saw 4 of its levels.

You collected 143 gold pieces.

Inventory:

Hand weapons
 t - a +0,+0 hand axe (quivered)
 y - a +0 blowgun
Missiles
 b - 12 arrows
 A - 6 poisoned needles
Armour
 c - a +0 robe (worn)
 l - a +1 dwarven buckler (worn)
Comestibles
 a - 3 bread rations
 h - a sausage
 k - 2 pears
 q - an apple
Scrolls
 e - 3 scrolls of identify {unknown}
 i - a scroll of fear {unknown}
 j - a scroll of enchant weapon I {unknown}
 m - a scroll of curse weapon {unknown}
 r - a scroll of recharging {unknown}
 s - a scroll of teleportation {unknown}
 v - 2 scrolls of random uselessness {unknown}
 B - 2 scrolls of enchant armour {unknown}
Jewellery
 p - a cursed +2 ring of protection (right hand)
 z - a ring of poison resistance (left hand) {unknown}
Potions
 f - a potion of heal wounds
 n - a potion of brilliance
 o - a potion of curing
 w - a potion of agility {unknown}
Books
 d - a book of Changes

   Spells                             Type                      Level
   *Beastly Appendage                 Transmutation                1
   Sticks to Snakes                   Transmutation                2
   Spider Form                        Transmutation/Poison         3
   Ice Form                           Ice/Transmutation            4
   Blade Hands                        Transmutation                5


   Skills:
 - Level 0.8 Fighting
 - Level 1.7 Dodging
 + Level 5.3 Unarmed Combat
 - Level 1.7 Spellcasting
 - Level 1.7 Transmutations


You had 5 spell levels left.
You knew the following spells:

 Your Spells              Type           Power        Failure   Level  Hunger
a - Beastly Appendage     Trmt           #.....       14%         1    #......


Dungeon Overview and Level Annotations

Branches:
Dungeon (4/27)
 Temple: D:4-7

Annotations
D:4 Prince Ribbit


Message History

You hear a loud clanging noise!
It was a scroll of noise.
The worker ant bites you.
* * * LOW HITPOINT WARNING * * *
You block the worker ant's attack.
Read which item? (? for menu, Esc to quit)
As you read the scroll labeled SUTIUNTOT EXIOT, it crumbles to dust.
Your +2 ring of protection glows black for a moment.
It was a scroll of curse jewellery.
You block the worker ant's attack.
The worker ant bites you but does no damage.
You hit the worker ant.
The worker ant is moderately wounded.
The worker ant barely misses you. The worker ant bites you.
* * * LOW HITPOINT WARNING * * *
Read which item? (? for menu, Esc to quit)
As you read the scroll labeled PNUNKU CROCS, it crumbles to dust.
You feel aware of your surroundings.
It was a scroll of magic mapping.
The worker ant closely misses you.
There is a stone staircase leading up here.
The worker ant bites you!
You die...

##.....###.,,,,* * *,,, * * ,..
........#..,, ,* *,* ** ***##
............,*** *,*,* ##.
........#.. ****
*****,*,**####., ##.....##*,,
,,,,,,>,, *,,,,....# #....##
****#########********#.. #....#
#.......# #####.
##.#.########.#####.# #....ยง
#............a@..#.#######.####
############.###.#.............
### #.#########.#### #.# #.#
#.# #.# #.# #.# #.# #.# *#.#*
#.# * .#.*******#.#*


You could see a worker ant.

Vanquished Creatures
  A hound (D:4)
  4 adders
  A giant mite (D:1)
  A worm (D:2)
  An ooze (D:2)
  4 orcs (D:3)
  A ball python (D:1)
  4 giant cockroaches
  11 goblins
  11 hobgoblins
  2 quokkas
  10 bats
  2 giant newts
  4 jackals
  8 kobolds
  6 rats
71 creatures vanquished.

Notes
Turn   | Place    | Note
--------------------------------------------------------------
     0 | D:1      | Rycklaryybbe, the Demigod Transmuter, began the quest for the Orb.
     0 | D:1      | Reached XP level 1. HP: 16/16 MP: 3/3
    79 | D:1      | Reached skill level 3 in Unarmed Combat
   154 | D:1      | Reached XP level 2. HP: 18/23 MP: 2/4
   972 | D:2      | Found a shattered altar of Ashenzari.
  1001 | D:2      | Reached XP level 3. HP: 17/28 MP: 5/7
  1211 | D:2      | Reached skill level 4 in Unarmed Combat
  2476 | D:2      | Reached XP level 4. HP: 11/35 MP: 9/9
  3377 | D:3      | Reached skill level 5 in Unarmed Combat
  3646 | D:3      | Found a shimmering altar of Xom.
  3980 | D:4      | Noticed Prince Ribbit
  4119 | D:4      | Slain by a worker ant

Action                   |  1- 3 |  4- 6 || total
-------------------------+-------+-------++-------
Melee: Unarmed           |   238 |    75 ||   313
Throw: Hand axe          |     1 |       ||     1
 Cast: Beastly Appendage |    15 |    10 ||    25
  Use: Potion            |       |     5 ||     5
       Scroll            |       |     3 ||     3
 Stab: Sleeping          |     2 |     1 ||     3
